AoeStats
← Kaer Morhen

Arena

510576130Analyzed
4v4 RM · 9h ago on Oct 1, 2026· 38m 4s· 8 players
Game mode
Random Map
Map size
Large (8 player)
Population
200
Speed
Normal
Resources
Standard
Victory
Conquest
Starting age
Dark Age
Ending age
Imperial Age
RankedLock teamsTeams togetherTeam positionsShared explorationLock speedFull tech treeHidden civsTurbo modeCheats
Victory
Defeat
🇭🇰 Cumans · Hong Kong SAR China
1520
+9
🇨🇿 Britons · Czechia
1418
+12
🇨🇿 Bohemians · Czechia
1329
+16
🇨🇿 Saxons · Czechia
1213
+20
🇨🇳 Slavs · China
1392
-17
🇪🇸 Bohemians · Spain
1344
-15
🇫🇷 Britons · France
1328
-14
🇨🇳 Vietnamese · China
1262
-11
Petit_Pois
10:02 Feudal Age
13:57 Castle Age
12:42 Double-Bit Axe
13:22 Horse Collar
14:53 Bow Saw
20:14 Pikeman
20:54 Squires
21:25 Scale Mail Armor
22:48 Chain Mail Armor
24:32 Wheelbarrow
29:54 Imperial Age
27:41 Hand Cart
27:27 Heavy Plow
28:24 Forging
30:33 Iron Casting
29:58 Halberdier
31:10 Plate Mail Armor
30:40 Loom
32:18 Chemistry
31:28 Elite Skirmisher
34:10 Blast Furnace
34:33 Padded Archer Armor
34:37 Fletching
KingYe
10:40 Feudal Age
11:41 Double-Bit Axe
15:42 Castle Age
14:01 Horse Collar
14:41 Gold Mining
16:03 Wheelbarrow
16:46 Bow Saw
21:38 Stone Mining
22:29 Heavy Plow
22:28 Crossbowman
25:57 Fletching
26:42 Thumb Ring
29:55 Imperial Age
27:22 Bodkin Arrow
27:14 Loom
28:14 Stone Shaft Mining
28:23 Padded Archer Armor
28:50 Hand Cart
29:43 Treadmill Crane
30:32 Ballistics
30:18 Arbalester
31:52 Bracer
32:25 Padded Archer Armor
38:35 Two-Man Saw
MenuMaxiBestOf+
10:05 Feudal Age
13:42 Castle Age
12:01 Double-Bit Axe
20:21 Loom
25:08 Wheelbarrow
28:58 Imperial Age
27:08 Fletching
27:39 Ballistics
27:50 Padded Archer Armor
29:03 Bodkin Arrow
29:26 Hand Cart
29:24 Bow Saw
28:55 Horse Collar
29:05 Gold Mining
29:06 Stone Mining
30:36 Bracer
32:29 Leather Archer Armor
32:16 Elite Longbowman
34:34 Ring Archer Armor
Morning STAR
10:51 Feudal Age
12:28 Double-Bit Axe
14:45 Castle Age
14:15 Horse Collar
20:16 Gold Mining
22:23 Forging
23:12 Wheelbarrow
23:53 Scale Mail Armor
24:02 Scale Barding Armor
25:46 Iron Casting
25:39 Bloodlines
27:25 Chain Barding Armor
27:05 Stone Mining
27:50 Gold Shaft Mining
27:40 Heavy Plow
30:46 Imperial Age
30:11 Detinets
30:35 Hand Cart
31:02 Elite Boyar
33:09 Plate Barding Armor
33:46 Conscription
33:53 Conscription
34:21 Bow Saw
35:31 Blast Furnace
36:43 Capped Ram
pavifa
10:29 Feudal Age
10:45 Loom
14:15 Castle Age
13:12 Double-Bit Axe
17:20 Scale Mail Armor
17:31 Forging
19:52 Forging
21:41 Squires
22:21 Arson
26:12 Gold Mining
30:05 Wheelbarrow
31:57 Gold Shaft Mining
32:14 Bow Saw
31:49 Horse Collar
33:14 Hand Cart
33:56 Chain Mail Armor
34:16 Iron Casting
37:38 Imperial Age
36:10 Stone Mining
36:31 Heavy Plow
36:55 Town Watch
MarcusBrody
10:05 Feudal Age
13:39 Castle Age
11:47 Double-Bit Axe
12:10 Horse Collar
14:39 Bow Saw
15:42 Wheelbarrow
18:49 Heavy Plow
23:41 Hand Cart
23:44 Loom
28:33 Imperial Age
26:06 Fletching
26:17 Padded Archer Armor
26:54 Ballistics
27:24 Bodkin Arrow
28:03 Leather Archer Armor
29:12 Masonry
29:37 Conscription
29:32 Bracer
30:02 Ring Archer Armor
30:34 Hoardings
30:50 Elite Longbowman
32:07 Siege Engineers
32:32 Architecture
33:12 Hoardings
33:48 Yeomen
36:37 Chemistry
36:09 Gold Mining
36:09 Stone Mining
37:17 Warwolf
37:43 Pikeman
38:24 Squires
38:09 Gambesons
38:12 Arson
38:27 Scale Mail Armor
38:38 Forging
Kaer Morhen
8:32 Loom
11:05 Feudal Age
15:20 Castle Age
14:46 Horse Collar
14:54 Double-Bit Axe
22:23 Imperial Age
20:59 Bow Saw
22:33 Chemistry
22:42 Wheelbarrow
23:21 Fervor
25:08 Hand Cart
24:39 Town Watch
28:17 Conscription
29:11 Two-Man Saw
30:15 Scale Mail Armor
32:13 Elite Hussite Wagon
36:11 Chain Mail Armor
36:07 Forging
35:42 Pikeman
36:23 Squires
38:00 Plate Mail Armor
38:04 Fortified Wall
39:00 Iron Casting
kenny yip
8:14 Feudal Age
8:59 Double-Bit Axe
9:27 Horse Collar
16:23 Wheelbarrow
19:34 Castle Age
18:23 Scale Barding Armor
18:28 Forging
18:41 Gold Mining
19:52 Bloodlines
20:21 Heavy Plow
20:42 Bow Saw
21:17 Hand Cart
24:04 Iron Casting
29:19 Chain Barding Armor
29:35 Loom
35:45 Imperial Age
33:51 Stone Mining
34:37 Gold Shaft Mining
37:05 Plate Barding Armor
36:14 Pikeman
36:55 Squires
36:56 Scale Mail Armor
37:33 Conscription
38:44 Blast Furnace
37:14 Halberdier
Connection lost

Rejoining the realm…

Still unreachable

The connection could not be restored.

Session expired

The server has moved on; the page needs a fresh start.